 Dungeon Crawl Stone Soup version 0.29-a0-2-g12fcac58f8 (webtiles) character file.

Game seed: 15928606814191024059

386 dohliylev the Chopper (level 6, -1/56 HPs)
             Began as a Minotaur Berserker on Jan 26, 2022.
             Was a Believer of Trog.
             Slain by an iguana (4 damage)
             ... on level 4 of the Dungeon.
             The game lasted 00:05:02 (2318 turns).

dohliylev the Chopper (Minotaur Berserker)          Turns: 2318, Time: 00:05:02

Health: -1/56      AC: 12    Str: 23    XL:     6   Next: 48%
Magic:  5/5        EV:  9    Int:  4    God:    Trog [**....]
Gold:   106        SH:  0    Dex: 10    Spells: 5/5 levels left

rFire   . . .      SeeInvis .   a - +0 hand axe
rCold   . . .      Faith    .   (no shield)
rNeg    . . .      Spirit   .   h - +0 chain mail
rPois   .          Reflect  .   (helmet restricted)
rElec   .          Harm     .   (no cloak)
rCorr   .          Rampage  .   (no gloves)
Will    .....                   (no boots)
Stlth   ..........              (no amulet)
HPRegen 0.18/turn               j - +4 ring of protection
MPRegen 0.09/turn               (no ring)

@: on berserk cooldown, slowed, very slow
A: horns 2, retaliatory headbutt
a: Renounce Religion, Berserk, Trog's Hand


You were on level 4 of the Dungeon.
You worshipped Trog.
Trog was pleased with you.
You visited 1 branch of the dungeon, and saw 4 of its levels.

You collected 106 gold pieces.

Inventory:

Hand Weapons
 a - a +0 hand axe (weapon)
Armour
 h - a +0 chain mail (worn)
Jewellery
 j - a +4 ring of protection (left hand)
 k - a +6 ring of intelligence
Scrolls
 b - a scroll of enchant armour {unknown}
 c - a scroll of brand weapon {unknown}
 l - a scroll of fog {unknown}
Potions
 d - a potion of heal wounds {unknown}
 e - a potion of curing {unknown}
 f - a potion of ambrosia {unknown}
 g - a potion of attraction {unknown}
 i - a potion of flight {unknown}


   Skills:
 + Level 5.5 Fighting
 + Level 7.0 Axes
 - Level 2.4 Armour
 + Level 3.8 Dodging


You had 5 spell levels left.
You didn't know any spells.
Your spell library was empty.

Dungeon Overview and Level Annotations

Branches:
Dungeon (4/15)
 Temple: D:4-7

Altars:


Innate Abilities, Weirdness & Mutations

You have a pair of horns on your head.
You reflexively headbutt those who attack you in melee.


Message History

You are no longer berserk.
You are exhausted.
You feel yourself slow down.
Found a brass wand.
You hear the slow rusting of a very distant drain.
You are no longer corroded.
An iguana comes into view.
The iguana hisses angrily.
A dart slug comes into view.
The dart slug launches a dart at you. The slug dart misses you.
The dart slug launches a dart at you. The slug dart misses you.
You see here a wand of digging (5).
The dart slug briefly extends its eye-stalks.
The iguana bites you.
You barely miss the iguana. The iguana bites you!
* * * LOW HITPOINT WARNING * * *
You hit the iguana but do no damage. The iguana bites you!
* * * LOW HITPOINT WARNING * * *
You slash the iguana!
The iguana is heavily wounded.
The iguana closely misses you. The iguana bites you.
* * * LOW HITPOINT WARNING * * *
The dart slug completely misses you.
You're still recovering from your berserk rage.
You hit the dart slug. You headbutt the dart slug.
You kill the dart slug!
Trog accepts your kill.
You barely miss the iguana. The iguana barely misses you.
Your Axes skill increases to level 7!
You hit the iguana. You headbutt the iguana.
The iguana is severely wounded.
The iguana barely misses you.
The iguana bites you but does no damage.
Unknown command.
You barely miss the iguana.
The iguana is severely wounded.
The iguana bites you.
You die...

..... #....###.. ..
#...### ### .##... #
##.......# ##
##....###.# ##. ...
.........### ##.. ....
##.##....... #...
.....##..#.......####...
.......@.........#.##...
#.....#l†....#...#......
#.#.. #../...#..........
#. #...........###..# ..
#..#..###...# ##.# ..
#....#.# ##### ##. #
......### . #......# #
##......


You could see an iguana.

Vanquished Creatures
  An ogre (D:4)
  A phantom (D:4)
  A jelly (D:4)
  A bullfrog skeleton (D:2)
  Jessica (D:2)
  Terence (D:2)
  6 adders (D:2)
  A dart slug (D:4)
  An orc (D:3)
  4 bats
  4 endoplasms
  5 giant cockroaches
  6 goblins
  8 hobgoblins
  6 jackals (D:2)
  A quokka (D:1)
  4 ball pythons
  3 frilled lizards
  5 kobolds
  4 rats
64 creatures vanquished.

Notes
Turn   | Place    | Note
-------+----------+-------------------------------------------
     0 | D:1      | dohliylev the Minotaur Berserker began the quest for the
                  | Orb.
     0 | D:1      | Reached XP level 1. HP: 19/19 MP: 0/0
   267 | D:1      | Reached skill level 4 in Axes
   267 | D:1      | Reached XP level 2. HP: 18/27 MP: 1/1
   389 | D:1      | Found a faded altar of an unknown god.
  1070 | D:2      | Reached XP level 3. HP: 34/34 MP: 2/2
  1209 | D:2      | Reached ** piety under Trog
  1292 | D:2      | Reached skill level 5 in Axes
  1292 | D:2      | Reached XP level 4. HP: 41/41 MP: 3/3
  1462 | D:2      | Noticed Jessica
  1465 | D:2      | Noticed Terence
  1481 | D:2      | HP: 1/41 [Terence (2)]
  1483 | D:2      | Killed Terence
  1484 | D:2      | Reached XP level 5. HP: 2/47 MP: 4/4
  1559 | D:2      | Killed Jessica
  1560 | D:2      | Reached skill level 5 in Fighting
  2071 | D:3      | Reached skill level 6 in Axes
  2238 | D:4      | Noticed an ogre
  2250 | D:4      | Killed an ogre
  2251 | D:4      | Reached XP level 6. HP: 56/56 MP: 5/5
  2315 | D:4      | HP: 2/56 [iguana (5)]
  2317 | D:4      | Reached skill level 7 in Axes
  2318 | D:4      | Slain by an iguana

Illustrated notes

Levels and vault maps discovered:
D:1:      dpeg_arrival_chambers_temple_mockup, layout_loops_ring,
          hellmonk_ecumenical_altar_inner_sanctum,
          amcnicky_mini_corridor_feature
D:2:      layout_loops_cross, uniq_terence, uniq_jessica
D:3:      layout_basic, grunt_ministairs_10, kennysheep_pointless_box
D:4:      layout_cave_pools, portal_sewer_entry_e

Skill      XL: |  1  2  3  4  5  6 |
---------------+-------------------+-----
Axes           | 4 5 6 7 |  7.0
Fighting       | 4 5 |  5.5
Dodging        | 3 |  3.8
Armour         | |  2.4

Action                   |  1- 3 |  4- 6 || total
-------------------------+-------+-------++-------
Melee: Hand axe          |    75 |    66 ||   141
       Headbutt          |     8 |    10 ||    18
       Punch             |     1 |       ||     1
Invok: Berserk           |     1 |     6 ||     7
       Trog's Hand       |       |     2 ||     2
Armor: Animal skin       |     4 |       ||     4
       Ring mail         |    26 |    11 ||    37
       Chain mail        |       |    18 ||    18
Dodge: Dodged            |    42 |    57 ||    99

Table legend: (Time is in decaauts)
 A = Elapsed time spent in this place.
 B = Non-inter-level travel time spent in this place.
 C = Inter-level travel time spent in this place.
 D = Time resting spent in this place.
 E = Time spent auto-exploring this place.
 F = Levels seen in this place.
 G = Mean time per level.
                   A        B        C        D        E       F      G
               +--------+--------+--------+--------+--------+-----+--------+
         Total |   2388 |   2349 |     39 |    420 |   1389 |   4 |  597.0 |
       Dungeon |   2388 |   2349 |     39 |    420 |   1389 |   4 |  597.0 |
               +--------+--------+--------+--------+--------+-----+--------+

Top non-repeatable levels by time:
     D:2: 1067 daAuts
     D:1: 1051 daAuts
     D:4: 218 daAuts
     D:3: 51 daAuts
